 Dungeon Crawl Stone Soup version 0.23.1 (webtiles) character file.

Game seed: 0

141932 dvd the Thaumaturge (level 17, -15/96 HPs)
             Began as a Gargoyle Ice Elementalist on Mar 4, 2019.
             Was the Champion of Vehumet.
             Demolished by a merfolk impaler
             ... wielding a +2 trident of freezing
              (17 damage)
             ... on level 4 of the Shoals.
             The game lasted 02:47:05 (30590 turns).

dvd the Thaumaturge (Gargoyle Ice Elementalist)    Turns: 30590, Time: 02:47:06

Health: -15/96     AC: 26    Str: 22    XL:     17   Next: 34%
Magic:  27/33      EV:  9    Int: 19    God:    Vehumet [******]
Gold:   2354       SH:  0    Dex: 18    Spells: 5/41 levels left

rFire    + + .     SeeInvis .   y - +6 battleaxe "Hiodiega" {drain, rElec rF+++ Dex+2 Stlth-}
rCold    + . .     Gourm    .   (shield currently unavailable)
rNeg     + . .     Faith    .   Y - +2 robe {Archmagi}
rPois    ∞         Spirit   .   B - +0 helmet of Patience {MR++ Regen+ Stlth-}
rElec    +         Reflect  +   L - +0 cloak "Gujeth" {rF- MR+++ Regen+}
rCorr    .         Harm     .   m - +2 pair of gloves
MR       +++++                  Q - +2 pair of boots
Stlth    ++........             x - +4 amulet of reflection
HPRegen  1.06/turn              q - ring of Jekh {rC+ Str+7 Stlth+}
MPRegen  0.23/turn              H - ring "Piupiown" {Wiz Dex+5}

@: about to teleport, flying, very slightly contaminated, held
A: big wings, thin metallic scales 1, negative energy resistance 1, sense
surroundings 1, electricity resistance, wild magic 1, unbreathing, petrification
resistance, rot immunity, MP-powered wands, sturdy frame 1, AC +12
a: Stop Flying, Renounce Religion


You were on level 4 of the Shoals.
You worshipped Vehumet.
Vehumet was exalted by your worship.
You were not hungry.

You visited 5 branches of the dungeon, and saw 26 of its levels.
You also visited: Gauntlet.

You collected 2748 gold pieces.
You spent 394 gold pieces at shops.

Inventory:

Hand Weapons
 n - the +9 rapier of Ineeqadd {protect, *Contam MR+ Int+8 Stlth-}
   (You found it on level 8 of the Dungeon)

   It protects the one who uses it against injury (+AC on strike).
   It affects your intelligence (+8).
   It affects your resistance to hostile enchantments.
   It causes magical contamination when unequipped.
   It makes you less stealthy.
 y - the +6 battleaxe "Hiodiega" (weapon) {drain, rElec rF+++ Dex+2 Stlth-}
   (You found it in a Gauntlet)

   A truly terrible weapon, it drains the life of those it strikes.
   It affects your dexterity (+2).
   It renders you almost immune to fire.
   It insulates you from electricity.
   It makes you less stealthy.
 z - a +2 broad axe of venom
Missiles
 a - 14 javelins of returning (quivered)
Armour
 m - a +2 pair of gloves (worn)
 B - the +0 helmet of Patience (worn) {MR++ Regen+ Stlth-}
   (You found it on level 5 of the Dungeon)

   It affects your resistance to hostile enchantments.
   It increases your rate of regeneration.
   It makes you less stealthy.
 L - the +0 cloak "Gujeth" (worn) {rF- MR+++ Regen+}
   (You acquired it on level 8 of the Dungeon)

   It makes you vulnerable to fire.
   It affects your resistance to hostile enchantments.
   It increases your rate of regeneration.
 N - a +2 cloak
 Q - a +2 pair of boots (worn)
 R - +0 acid dragon scales
 Y - a +2 robe of the Archmagi (worn)
Magical Staves
 X - an uncursed staff of conjuration
Jewellery
 j - a +3 ring of dexterity
 l - an uncursed ring of ice
 o - an uncursed ring of resist corrosion
 p - an uncursed ring of protection from fire
 q - the ring of Jekh (left hand) {rC+ Str+7 Stlth+}
   (You found it in a Gauntlet)

   [ring of protection from cold]

   It affects your strength (+7).
   It protects you from cold.
   It makes you more stealthy.
 x - a +4 amulet of reflection (around neck)
 H - the ring "Piupiown" (right hand) {Wiz Dex+5}
   (You found it on level 7 of the Dungeon)

   [ring of wizardry]

   It improves your spell success rate.
   It affects your dexterity (+5).
Wands
 i - a wand of iceblast (20)
 s - a wand of flame (115)
 A - a wand of acid (16)
 E - a wand of disintegration (31)
 F - a wand of digging (6)
 J - a wand of random effects (16)
 P - a wand of enslavement (22)
Scrolls
 b - 3 scrolls of enchant armour
 f - 12 scrolls of remove curse
 g - 6 scrolls of amnesia
 h - 15 scrolls of identify
 u - 2 scrolls of magic mapping
 w - 6 scrolls of teleportation
 G - a scroll of summoning
 M - 3 scrolls of enchant weapon
 Z - a scroll of holy word
Potions
 d - 3 potions of might
 e - 6 potions of brilliance
 k - a potion of resistance
 r - 4 potions of curing
 v - 2 potions of berserk rage
 D - 3 potions of heal wounds
 K - a potion of cancellation
 S - 2 potions of invisibility
 T - 2 potions of ambrosia
 U - a potion of agility
Miscellaneous
 C - a crystal ball of energy
Comestibles
 c - 29 rations


   Skills:
 + Level 7.6 Fighting
 + Level 11.9 Short Blades
 * Level 10.3(10.4) Axes
   Level 1.2(6.6) Polearms
 + Level 7.5 Dodging
 + Level 5.5 Stealth
   Level 4.0 Shields
 + Level 12.7 Spellcasting
 + Level 9.4 Conjurations
 + Level 5.1 Charms
 + Level 1.0 Summonings
 + Level 1.6 Necromancy
 + Level 2.5 Translocations
 + Level 12.4 Ice Magic
 + Level 4.7 Air Magic
 + Level 4.3 Earth Magic
 * Level 4.3 Evocations


You had 5 spell levels left.
You knew the following spells:

 Your Spells              Type           Power        Failure   Level  Hunger
a - Ozocubu's Refrigerat  Ice            #######...   1%          6    ######.
b - Apportation           Tloc           #####.       1%          1    None
c - Ozocubu's Armour      Chrm/Ice       ######..     1%          3    None
d - Freezing Cloud        Conj/Ice/Air   ######....   3%          6    ######.
e - Throw Icicle          Conj/Ice       #######.     1%          4    #......
f - Stone Arrow           Conj/Erth      ######       1%          3    None
g - Summon Ice Beast      Ice/Summ       ######..     2%          4    #......
h - Force Lance           Conj/Tloc      ######..     1%          4    #......
i - Regeneration          Chrm/Necr      #####.....   2%          3    None
j - Blink                 Tloc           N/A          2%          2    None

Your spell library contained the following spells:

 Spells                   Type           Power        Failure   Level  Hunger
 Iron Shot                Conj/Erth      ######....   8%          6    ######.
 Freeze                   Ice            ####         1%          1    None
 Infusion                 Chrm           ####         1%          1    None
 Magic Dart               Conj           ####         1%          1    None
 Shroud of Golubria       Chrm/Tloc      ######....   1%          2    None
 Song of Slaying          Chrm           ######..     1%          2    None
 Throw Frost              Conj/Ice       ######       1%          2    None
 Conjure Flame            Conj/Fire      ######..     1%          3    None
 Mephitic Cloud           Conj/Pois/Air  ######..     1%          3    None
 Summon Butterflies       Summ           ####....     2%          1    None
 Call Imp                 Summ           ####....     3%          2    None
 Lesser Beckoning         Tloc           #####.....   4%          3    None
 Spectral Weapon          Hex/Chrm       #####...     4%          3    None
 Bolt of Magma            Conj/Fire/Erth ######....   4%          5    ####...
 Slow                     Hex            ###.....     5%          2    None
 Summon Guardian Golem    Hex/Summ       ####....     9%          3    None
 Tukima's Dance           Hex            ###.....     10%         3    None
 Leda's Liquefaction      Hex/Erth       #####.....   12%         4    #......
 Summon Mana Viper        Hex/Summ       ####....     50%         5    ####...
 Alistair's Intoxication  Tmut/Pois      ###.....     56%         5    ####...
 Spellforged Servitor     Conj/Summ      ######....   50%         7    #######
 Invisibility             Hex            ###.....     98%         6    ######.
 Haunt                    Necr/Summ      ####......   100%        7    #######
 Borgnjor's Revivificati  Necr           #####.....   100%        8    #######
 Death's Door             Chrm/Necr      #####.....   100%        8    #######
 Infestation              Necr           #####.....   100%        8    #######
 Necromutation            Tmut/Necr      ####......   100%        8    #######
 Shatter                  Erth           ######....   100%        9    #######
 Statue Form              Tmut/Erth      Unusable     N/A         6    N/A

Dungeon Overview and Level Annotations

Branches:
Dungeon (13/15)            Temple (0/1) D:6            Lair (6/6) D:10
 Shoals (4/4) Lair:3       Spider (1/4) Lair:4        Slime (0/5) Lair:5
    Orc (2/2) D:10            Elf (0/3) Orc:2        Vaults (0/5) D:13

Altars:
Fedhas
Okawaru
Uskayaw
Vehumet
Beogh
Jiyva

Shops:
D:7 (   D:10 (   D:12 ?   Orc:2 ([=*   Shoals:1 %   Shoals:2 !


Innate Abilities, Weirdness & Mutations

You are resistant to torment.
Your stone body is resilient. (AC +12)
You are immune to poison.
Your large and strong wings let you fly indefinitely.
You resist negative energy. (rN+)
You are resistant to electric shocks. (rElec)
You can survive without breathing.
You are immune to petrification.
You are immune to rotting.
You are partially covered in thin metallic scales. (AC +2)
You passively map a small area around you.
Your spells are a little harder to cast, but a little more powerful.
You expend magic power (3 MP) to strengthen your wands.
Your movements are slightly less encumbered by armour. (ER -2)


Message History

* * * LOW HITPOINT WARNING * * *
The merfolk impaler freezes you.
* * * LOW HITPOINT WARNING * * *
You see here a throwing net.
You struggle against the net.
The merfolk hits the plant but does no damage.
The merfolk impaler completely misses you.
The merfolk impaler hits you but does no damage.
As you read the scroll of teleportation, it crumbles to dust.
You feel strangely unstable.
The merfolk impaler shouts!
The merfolk impaler hits you from afar with a +2 trident of freezing.
* * * LOW HITPOINT WARNING * * *
The merfolk impaler closely misses you.
The merfolk hits you from afar with a +0 trident!
* * * LOW HITPOINT WARNING * * *
The merfolk impaler hits you from afar with a +2 trident of freezing.
* * * LOW HITPOINT WARNING * * *
The merfolk impaler hits you from afar with a +2 trident of freezing!
You die...

≈≈≈≈..†....#≈≈...≈###.≈≈≈≈≈≈≈≈≈≈≈
≈≈≈≈......##≈.#.#..##≈≈≈≈≈P≈≈P≈≈≈
≈≈≈÷.......#...≈...##≈≈≈≈≈≈≈≈≈≈≈≈
≈≈≈≈≈≈≈...###.###.###≈PPP≈≈≈≈≈≈≈≈
.≈≈≈≈≈......#######≈≈PPPP≈.P.....
...≈≈≈......#≈≈####≈PPPPP..######
...≈.............≈≈PPPPP...#
...≈..............≈≈≈PPP..P### #
................@.m≈≈(...#P.P####
....(.............≈≈P....#P≈.....
................kmmPP....#.P≈≈≈≈≈
................≈≈m≈≈≈...P≈≈≈≈≈≈≈
....#####≈....≈≈≈≈m≈≈≈≈..≈≈≈≈≈≈≈≈
<..## ##..≈≈≈≈≈≈≈≈≈≈≈≈≈≈≈≈≈≈≈≈≈
..##, *,##≈≈≈≈≈≈≈≈≈≈≈≈≈≈≈≈≈≈≈≈≈≈
.## ≈ , #≈≈≈≈≈≈≈≈≈≈≈≈≈≈≈≈≈≈≈≈≈≈
.≈#* ≈# #≈...≈≈≈≈≈≈≈≈≈≈≈≈≈≈≈≈≈.


You could see 3 merfolk impalers, a wind drake and 2 merfolk.

Vanquished Creatures
  Gastronok (D:10)
  Polyphemus (Shoals:4)
  Ilsuiw (Shoals:3)
  2 orc warlords
  2 entropy weavers (D:12)
  A minotaur (Gauntlet)
  A merfolk javelineer (Shoals:4)
  6 merfolk impalers
  7 hydras
  4 vault guards (D:13)
  2 catoblepae
  A centaur warrior (D:13)
  A two-headed ogre (D:11)
  2 merfolk aquamancers
  A queen ant (D:12)
  4 satyrs
  2 tengu warriors (D:13)
  4 death yaks
  4 orc high priests (Orc:2)
  4 slime creatures
  A sixfirhy (Gauntlet)
  2 unseen horrors (D:13)
  16 sea snakes
  28 harpies
  An orb spider (Spider:1)
  6 orc sorcerers
  3 orc knights
  2 deep elf magi (Orc:1)
  12 fauns
  3 oklob plants
  3 cyclopes
  13 manticores
  2 ugly things
  12 merfolk sirens
  4 elephants (Lair:3)
  4 water nymphs
  3 black mambas
  A minotaur zombie (Gauntlet)
  10 spiny frogs
  A rime drake (Lair:2)
  An efreet (D:13)
  3 komodo dragons
  35 merfolk
  A demonic crawler (Lair:4)
  5 trolls
  7 hornets
  8 wind drakes
  6 polar bears
  6 blink frogs (Lair:4)
  18 hippogriffs
  11 dream sheep (Lair:6)
  11 snapping turtles
  A redback (Lair:4)
  2 vampires
  2 wraiths (D:13)
  13 spriggans (Lair:6)
  5 water elementals
  5 wyverns
  44 yaks
  5 basilisks
  A chaos spawn (Gauntlet)
  A neqoxec (Gauntlet)
  A golden eye (shapeshifter) (D:13)
  Menkaure (D:6)
  3 wargs
  16 soldier ants
  An acid dragon (D:11)
  11 water moccasins
  27 orc warriors
  9 porcupines
  7 black bears
  2 sky beasts (D:5)
  5 ice beasts
  3 phantoms
  A swamp drake (Orc:1)
  A necrophage (D:9)
  3 boggarts (Lair:6)
  14 ogres
  28 wolves
  14 centaurs
  15 crocodiles
  4 big kobolds
  Blork the orc (D:5)
  9 bullfrogs
  A gnoll sergeant (Orc:1)
  2 wyvern skeletons
  4 scorpions
  A killer bee (D:13)
  18 wights
  7 crimson imps
  2 bullfrog zombies
  2 centaur zombies
  8 hounds
  3 jellies
  32 orc wizards
  3 centaur skeletons
  20 orc priests
  An iron imp (Orc:1)
  A bullfrog skeleton (D:12)
  6 iguanas
  22 worker ants
  A hound zombie (D:11)
  A worker ant zombie (D:6)
  2 gnolls (Orc:1)
  11 adders
  10 shadow imps
  A white imp (Orc:1)
  3 ufetubi (Gauntlet)
  An adder skeleton (D:7)
  A worm (D:13)
  4 dart slugs
  4 leopard geckos
  98 orcs
  13 giant cockroaches
  4 goblins
  7 hobgoblins
  21 jackals
  16 kobolds
  2 quokkas
  4 ball pythons
  8 bats
  6 frilled lizards
  2 quokka skeletons
  8 rats
  2 demonic plants (Gauntlet)
  6 fungi
  16 plants
930 creatures vanquished.

Vanquished Creatures (collateral kills)
  2 death yaks (Lair:6)
  A polar bear (Lair:2)
  3 yaks (D:10)
  3 orc warriors
  2 orc priests
  An orc wizard (D:10)
  A hound zombie (D:7)
  3 gnolls (Orc:1)
  4 orcs
  A leopard gecko zombie (D:8)
21 creatures vanquished.

Vanquished Creatures (others)
  An orc wizard (Orc:1)
  3 orcs (Orc:1)
  3 demonic plants (Gauntlet)
  27 fungi
  8 plants
  3 tentacles (Shoals:4)
45 creatures vanquished.

Grand Total: 996 creatures vanquished

Notes
Turn   | Place    | Note
-------+----------+-------------------------------------------
     0 | D:1      | dvd the Gargoyle Ice Elementalist began the quest for the
                  | Orb.
     0 | D:1      | Reached XP level 1. HP: 10/10 MP: 3/3
   442 | D:1      | Reached XP level 2. HP: 15/15 MP: 3/5
   475 | D:1      | Learned a level 2 spell: Throw Frost
  1299 | D:2      | Found a radiant altar of Vehumet.
  1299 | D:2      | Found an iron altar of Okawaru.
  1304 | D:2      | Reached XP level 3. HP: 19/19 MP: 3/6
  1311 | D:2      | Became a worshipper of Vehumet
  1349 | D:2      | Learned a level 3 spell: Ozocubu's Armour
  1423 | D:2      | Found a faded altar of an unknown god.
  1838 | D:2      | Reached XP level 4. HP: 24/24 MP: 3/8
  2330 | D:3      | Reached * piety under Vehumet
  2330 | D:3      | Offered knowledge of Sting by Vehumet.
  2567 | D:3      | Reached XP level 5. HP: 14/28 MP: 0/10
  2971 | D:3      | Offered knowledge of Searing Ray by Vehumet.
  2977 | D:3      | Reached ** piety under Vehumet
  2984 | D:3      | Learned a level 2 spell: Searing Ray
  3609 | D:4      | Reached XP level 6. HP: 28/32 MP: 5/11
  3699 | D:4      | Reached skill level 5 in Ice Magic
  3707 | D:4      | Reached skill level 1 in Polearms
  3924 | D:4      | Learned a level 4 spell: Throw Icicle
  4001 | D:4      | Found a blossoming altar of Fedhas.
  4035 | D:4      | Noticed a phantom
  4090 | D:4      | Killed a phantom
  4234 | D:4      | Reached skill level 1 in Fighting
  4238 | D:4      | Reached XP level 7. HP: 34/38 MP: 3/12
  4249 | D:4      | Reached skill level 1 in Axes
  4438 | D:4      | Offered knowledge of Stone Arrow by Vehumet.
  4751 | D:5      | Entered Level 5 of the Dungeon
  5074 | D:5      | Got a transparent helmet
  5080 | D:5      | Identified the cursed +0 helmet of Patience {MR++ Regen+
                  | Stlth-} (You found it on level 5 of the Dungeon)
  5114 | D:5      | Noticed Blork the orc
  5178 | D:5      | Reached *** piety under Vehumet
  5200 | D:5      | Reached XP level 8. HP: 42/43 MP: 2/14
  5224 | D:5      | Learned a level 3 spell: Stone Arrow
  5336 | D:5      | Found a transporter.
  5356 | D:5      | Found a transporter.
  5527 | D:5      | Reached skill level 5 in Spellcasting
  5582 | D:5      | You fall through a shaft!
  5586 | D:6      | Noticed Menkaure
  5720 | D:5      | Killed Blork the orc
  5929 | D:6      | Found a staircase to the Ecumenical Temple.
  5977 | D:6      | Killed Menkaure
  6538 | D:5      | Reached skill level 1 in Earth Magic
  6538 | D:5      | Reached XP level 9. HP: 36/49 MP: 5/18
  6631 | D:6      | Reached skill level 1 in Charms
  7084 | D:6      | Learned a level 4 spell: Summon Ice Beast
  7369 | D:7      | Got a sparkling lead ring
  7371 | D:7      | Identified the ring "Piupiown" {Wiz Dex+5} (You found it on
                  | level 7 of the Dungeon)
  7551 | D:7      | Found Ymeha's Antique Weapon Shoppe.
  7906 | D:8      | Offered knowledge of Static Discharge by Vehumet.
  8040 | D:8      | Identified a scroll of acquirement
  8041 | D:8      | Got a slimy cloak
  8047 | D:8      | Identified the +0 cloak "Gujeth" {rF- MR+++ Regen+} (You
                  | acquired it on level 8 of the Dungeon)
  8128 | D:8      | Gained mutation: Your large and strong wings let you fly
                  | indefinitely. [potion of mutation]
  8128 | D:8      | Gained mutation: Your spells are a little harder to cast,
                  | but a little more powerful. [potion of mutation]
  8128 | D:8      | Lost mutation: Your spells are a little harder to cast, but
                  | a little more powerful. [potion of mutation]
  8128 | D:8      | Gained mutation: You have sharp fingernails. [potion of
                  | mutation]
  8442 | D:8      | Got a bloodstained rapier
  8443 | D:8      | Identified the +9 rapier of Ineeqadd {protect, *Contam MR+
                  | Int+8 Stlth-} (You found it on level 8 of the Dungeon)
  8681 | D:9      | Reached skill level 1 in Short Blades
  8880 | D:9      | Noticed a troll
  8890 | D:9      | Killed a troll
  8890 | D:9      | Reached **** piety under Vehumet
  8890 | D:9      | Reached XP level 10. HP: 38/55 MP: 13/21
  8900 | D:9      | Offered knowledge of Force Lance by Vehumet.
  8957 | D:9      | Learned a level 4 spell: Force Lance
  9639 | D:9      | Found a hide-covered altar of Uskayaw.
  9768 | D:10     | Entered Level 10 of the Dungeon
  9788 | D:10     | Found Rucrir's Antique Weapon Emporium.
  9935 | D:10     | Reached skill level 5 in Short Blades
  9981 | D:10     | Found a staircase to the Lair.
 10222 | D:10     | Noticed Gastronok
 10235 | D:10     | Killed Gastronok
 10235 | D:10     | Reached XP level 11. HP: 46/61 MP: 13/23
 10331 | D:10     | Found a staircase to the Orcish Mines.
 10703 | D:11     | Reached ***** piety under Vehumet
 10792 | D:11     | Offered knowledge of Freezing Cloud by Vehumet.
 10812 | D:11     | Learned a level 6 spell: Freezing Cloud
 11286 | D:11     | Noticed a manticore
 11291 | D:11     | Killed a manticore
 11487 | D:11     | Noticed a six-headed hydra
 11494 | D:11     | Killed a six-headed hydra
 11716 | D:11     | Noticed a two-headed ogre
 11719 | D:11     | Killed a two-headed ogre
 11719 | D:11     | Reached skill level 5 in Dodging
 11767 | D:11     | Reached skill level 5 in Conjurations
 11872 | D:11     | Noticed a cyclops
 11872 | D:11     | Noticed a green ugly thing
 12020 | D:11     | Reached XP level 12. HP: 67/67 MP: 15/25
 12200 | D:11     | Reached skill level 1 in Air Magic
 12558 | Lair:1   | Entered Level 1 of the Lair of Beasts
 12560 | Lair:1   | Found a gate leading to a gauntlet.
 12613 | Gauntlet | Entered a Gauntlet
 12613 | Gauntlet | Found a transporter.
 12621 | Gauntlet | Noticed a tengu warrior
 12623 | Gauntlet | Found a transporter.
 12638 | Gauntlet | Found a transporter.
 12643 | Gauntlet | Found a transporter.
 12659 | Gauntlet | Noticed a blizzard demon
 12660 | Gauntlet | Found a transporter.
 12679 | Gauntlet | Found a transporter.
 12679 | Gauntlet | Noticed a catoblepas
 12691 | Gauntlet | Found a transporter.
 12703 | Gauntlet | Found a transporter.
 12703 | Gauntlet | Noticed a reaper
 12709 | Gauntlet | Found a transporter.
 12709 | Gauntlet | Found a transporter.
 12724 | Gauntlet | Found a transporter.
 12730 | Gauntlet | Found a transporter.
 12745 | Gauntlet | Found a transporter.
 12762 | Gauntlet | Found a transporter.
 12782 | Gauntlet | Found a transporter.
 12808 | Gauntlet | Found a transporter.
 12810 | Gauntlet | Found a transporter.
 12830 | Gauntlet | Found a transporter.
 13122 | Gauntlet | Gained mutation: Armour fits poorly on your strangely
                  | shaped body. [a neqoxec]
 13194 | Gauntlet | Got a faintly glowing iron ring
 13199 | Gauntlet | Identified the ring of Jekh {rC+ Str+7 Stlth+} (You found
                  | it in a Gauntlet)
 13258 | Gauntlet | Noticed a minotaur
 13269 | Gauntlet | Killed a minotaur
 13280 | Gauntlet | Identified Sif Muna's Tome of Helpful Calling
 13282 | Gauntlet | Got a slimy battleaxe
 13314 | Gauntlet | Reached skill level 1 in Evocations
 13433 | Lair:1   | You are sucked into a shaft!
 13543 | Lair:2   | Noticed a catoblepas
 13556 | Lair:2   | Killed a catoblepas
 13556 | Lair:2   | Reached skill level 5 in Fighting
 13594 | Lair:2   | Lost mutation: You have sharp fingernails. [potion of
                  | mutation]
 13594 | Lair:2   | Lost mutation: Your large and strong wings let you fly
                  | indefinitely. [potion of mutation]
 13594 | Lair:2   | Gained mutation: Potions are less effective at restoring
                  | your health. [potion of mutation]
 13594 | Lair:2   | Gained mutation: You have a somewhat thin skeletal
                  | structure. (Dex +2, Stealth) [potion of mutation]
 13594 | Lair:2   | Lost mutation: Armour fits poorly on your strangely shaped
                  | body. [potion of mutation]
 13594 | Lair:2   | Gained mutation: You are agile. (Dex +2) [potion of
                  | mutation]
 14312 | Lair:3   | Reached XP level 13. HP: 73/73 MP: 11/26
 14429 | Lair:3   | Reached skill level 10 in Short Blades
 14602 | Lair:3   | Found a hide-covered altar of Uskayaw.
 14647 | Lair:3   | Reached skill level 10 in Spellcasting
 14653 | Lair:3   | Found a staircase to the Shoals.
 14892 | Lair:3   | Offered knowledge of Conjure Ball Lightning by Vehumet.
 15297 | Lair:4   | Found a hole to the Spider Nest.
 15449 | Lair:4   | Found an iron altar of Okawaru.
 15747 | Lair:4   | Reached skill level 1 in Translocations
 16275 | Lair:5   | You fall through a shaft!
 16275 | Lair:6   | Entered Level 6 of the Lair of Beasts
 16766 | Lair:5   | Found a staircase to the Slime Pits.
 16768 | Lair:5   | Found a viscous altar of Jiyva.
 17763 | Lair:6   | Reached skill level 1 in Shields
 17768 | Lair:6   | Gained mutation: Your large and strong wings let you fly
                  | indefinitely. [Gargoyle growth]
 17768 | Lair:6   | Reached XP level 14. HP: 80/80 MP: 21/28
 17805 | Lair:6   | Learned a level 3 spell: Regeneration
 17855 | Lair:6   | Offered knowledge of Fireball by Vehumet.
 17878 | Lair:6   | Reached skill level 10 in Ice Magic
 19039 | Lair:1   | Learned a level 2 spell: Blink
 20018 | Orc:1    | Entered Level 1 of the Orcish Mines
 20018 | Orc:1    | Found a roughly hewn altar of Beogh.
 20109 | Orc:1    | Offered knowledge of Yara's Violent Unravelling by Vehumet.
 20206 | Orc:1    | Noticed an orc warlord
 20377 | D:10     | Killed an orc warlord
 20665 | Orc:1    | Identified the +6 battleaxe "Hiodiega" {drain, rElec rF+++
                  | Dex+2 Stlth-} (You found it in a Gauntlet)
 20712 | Orc:1    | Got a jewelled hat
 20723 | Orc:1    | Identified the +0 hat of Inference {+Blink rElec Dex+2}
                  | (You found it on level 1 of the Orcish Mines)
 20872 | Orc:2    | Entered Level 2 of the Orcish Mines
 20878 | Orc:2    | Noticed an orc warlord
 21052 | Orc:1    | Killed an orc warlord
 21197 | Orc:1    | Reached skill level 5 in Stealth
 21550 | Orc:2    | Offered knowledge of Ozocubu's Refrigeration by Vehumet.
 21594 | Orc:1    | Learned a level 6 spell: Ozocubu's Refrigeration
 21735 | Orc:2    | Found Tileil's Jewellery Shoppe.
 21822 | Orc:2    | Found Veuwnom's Antique Weapon Shoppe.
 21892 | Orc:2    | Found Dimentat's Antique Armour Shop.
 21942 | Orc:2    | Reached XP level 15. HP: 63/84 MP: 4/30
 21966 | Orc:2    | Found a staircase to the Elven Halls.
 22296 | Orc:2    | Found Dikkossu's General Store.
 23074 | D:12     | Found Lazyitod's Magic Scroll Emporium.
 23177 | D:12     | Reached skill level 5 in Axes
 23809 | D:13     | Found a gate to the Vaults.
 23929 | D:13     | Offered knowledge of Bolt of Fire by Vehumet.
 25301 | Spider:1 | Entered Level 1 of the Spider Nest
 25401 | Shoals:1 | Entered Level 1 of the Shoals
 25406 | Lair:3   | Learned a level 1 spell: Apportation
 25700 | Orc:2    | Bought a +4 amulet of reflection for 324 gold pieces
 26085 | Shoals:1 | Offered knowledge of Iron Shot by Vehumet.
 26467 | Shoals:1 | Reached skill level 1 in Necromancy
 26467 | Shoals:1 | Reached XP level 16. HP: 81/90 MP: 22/31
 26468 | Shoals:1 | Reached skill level 1 in Summonings
 26650 | Shoals:1 | Found Quutos's Food Shop.
 27126 | Shoals:2 | Found Diry's Distillery.
 27246 | Shoals:2 | Bought a potion of heal wounds for 70 gold pieces
 28327 | Shoals:3 | Got a faintly glowing buckler
 28328 | Shoals:3 | Identified the +0 buckler of the Circus Animal {MR+} (You
                  | found it on level 3 of the Shoals)
 28377 | Shoals:3 | Noticed Ilsuiw
 28403 | Shoals:3 | Killed Ilsuiw
 28459 | Shoals:3 | Reached ****** piety under Vehumet
 28663 | Shoals:3 | Got a vibrating granite ring
 28671 | Shoals:3 | Identified the ring of Untruth {rC- rN+ MP+9 Str+3} (You
                  | found it on level 3 of the Shoals)
 29579 | Shoals:4 | Entered Level 4 of the Shoals
 29594 | Shoals:4 | Reached XP level 17. HP: 96/96 MP: 25/33
 29653 | Shoals:4 | Reached skill level 10 in Axes
 30133 | Shoals:4 | Reached skill level 5 in Charms
 30205 | Shoals:4 | Lost mutation: You have a somewhat thin skeletal structure.
                  | (Dex +2, Stealth) [potion of mutation]
 30205 | Shoals:4 | Lost mutation: Potions are less effective at restoring your
                  | health. [potion of mutation]
 30205 | Shoals:4 | Lost mutation: You are agile. (Dex +2) [potion of mutation]
 30205 | Shoals:4 | Gained mutation: You are partially covered in iridescent
                  | scales. (AC +2) [potion of mutation]
 30205 | Shoals:4 | Gained mutation: Armour fits poorly on your strangely
                  | shaped body. [potion of mutation]
 30205 | Shoals:4 | Gained mutation: You passively map a small area around you.
                  | [potion of mutation]
 30205 | Shoals:4 | Gained mutation: You expend magic power (3 MP) to
                  | strengthen your wands. [potion of mutation]
 30206 | Shoals:4 | Lost mutation: You are partially covered in iridescent
                  | scales. (AC +2) [potion of mutation]
 30206 | Shoals:4 | Lost mutation: You expend magic power (3 MP) to strengthen
                  | your wands. [potion of mutation]
 30206 | Shoals:4 | Lost mutation: You passively map a small area around you.
                  | [potion of mutation]
 30206 | Shoals:4 | Gained mutation: Your body sometimes deteriorates upon
                  | taking damage. [potion of mutation]
 30206 | Shoals:4 | Gained mutation: You have a pair of small horns on your
                  | head. [potion of mutation]
 30206 | Shoals:4 | Gained mutation: You are dopey. (Int -2) [potion of
                  | mutation]
 30206 | Shoals:4 | Gained mutation: You have a pair of horns on your head.
                  | [potion of mutation]
 30208 | Shoals:4 | Lost mutation: Your body sometimes deteriorates upon taking
                  | damage. [potion of mutation]
 30208 | Shoals:4 | Lost mutation: You are dopey. (Int -2) [potion of mutation]
 30208 | Shoals:4 | Lost mutation: Armour fits poorly on your strangely shaped
                  | body. [potion of mutation]
 30208 | Shoals:4 | Lost mutation: You have a pair of horns on your head.
                  | [potion of mutation]
 30208 | Shoals:4 | Gained mutation: Your magical capacity is low. (-10% MP)
                  | [potion of mutation]
 30208 | Shoals:4 | Gained mutation: Your movements are slightly less
                  | encumbered by armour. (ER -2) [potion of mutation]
 30208 | Shoals:4 | Gained mutation: You are partially covered in icy blue
                  | scales. (AC +2) [potion of mutation]
 30209 | Shoals:4 | Lost mutation: Your magical capacity is low. (-10% MP)
                  | [potion of mutation]
 30209 | Shoals:4 | Lost mutation: You have a pair of small horns on your head.
                  | [potion of mutation]
 30209 | Shoals:4 | Lost mutation: You are partially covered in icy blue
                  | scales. (AC +2) [potion of mutation]
 30209 | Shoals:4 | Gained mutation: You passively map a small area around you.
                  | [potion of mutation]
 30209 | Shoals:4 | Gained mutation: You expend magic power (3 MP) to
                  | strengthen your wands. [potion of mutation]
 30209 | Shoals:4 | Gained mutation: Your spells are a little harder to cast,
                  | but a little more powerful. [potion of mutation]
 30209 | Shoals:4 | Gained mutation: You are partially covered in thin metallic
                  | scales. (AC +2) [potion of mutation]
 30341 | Shoals:4 | Noticed Polyphemus
 30352 | Shoals:4 | Killed Polyphemus
 30590 | Shoals:4 | HP: 2/96 [merfolk impaler/+2 trident of freezing (3)]
 30590 | Shoals:4 | Demolished by a merfolk impaler

Skill      XL: |  1  2  3  4  5  6  7  8  9 10 11 12 13 14 15 16 17 |
---------------+----------------------------------------------------+-----
Spellcasting   | 3 4 6 7 8 9 10 11 12 | 12.7
Ice Magic      | 4 5 6 7 8 9 10 11 12 | 12.4
Dodging        | 2 3 4 5 6 7 |  7.5
Stealth        | 3 4 5 |  5.5
Polearms       | 1 |  1.2
Fighting       | 1 2 4 5 6 7 |  7.6
Axes           | 2 3 7 9 10 | 10.3
Conjurations   | 2 3 4 5 6 7 8 9 |  9.4
Earth Magic    | 1 2 3 4 |  4.3
Charms         | 1 2 3 4 5 |  5.1
Short Blades   | 2 6 8 9 11 | 11.9
Air Magic      | 1 3 4 |  4.7
Evocations     | 1 2 3 4 |  4.3
Translocations | 1 2 |  2.5
Shields        | 1 4 |  4.0
Necromancy     | 1 |  1.6
Summonings     | 1 |  1.0

Action                   |  1- 3 |  4- 6 |  7- 9 | 10-12 | 13-15 | 16-18 || total
-------------------------+-------+-------+-------+-------+-------+-------++-------
Melee: Unarmed           |     2 |       |       |       |       |       ||     2
       Spear             |    18 |    93 |       |       |       |       ||   111
       Hand axe          |       |    50 |   187 |       |       |       ||   237
       Rapier            |       |       |    20 |   403 |   463 |       ||   886
       Battleaxe         |       |       |       |       |   215 |   205 ||   420
 Cast: Freeze            |    38 |    57 |   104 |    17 |     2 |       ||   218
       Throw Frost       |     8 |    16 |    22 |    16 |     5 |       ||    67
       Ozocubu's Armour  |       |     7 |    17 |    42 |    55 |    18 ||   139
       Searing Ray       |       |     5 |    25 |     2 |       |       ||    32
       Stone Arrow       |       |       |    27 |    55 |    50 |    11 ||   143
       Throw Icicle      |       |       |     2 |     4 |     6 |     4 ||    16
       Summon Ice Beast  |       |       |     3 |    11 |     7 |     2 ||    23
       Freezing Cloud    |       |       |       |    32 |   114 |    38 ||   184
       Force Lance       |       |       |       |    13 |    53 |     3 ||    69
       Regeneration      |       |       |       |       |    25 |    20 ||    45
       Ozocubu's Refrige |       |       |       |       |    31 |    48 ||    79
       Blink             |       |       |       |       |     3 |       ||     3
       Apportation       |       |       |       |       |    12 |     9 ||    21
 Abil: Fly               |       |       |     1 |       |     1 |       ||     2
Evoke: Wand              |       |       |     4 |    14 |     8 |    11 ||    37
       Crystal ball of e |       |       |       |       |       |     4 ||     4
  Use: Scroll            |       |       |    17 |     6 |     9 |     7 ||    39
       Potion            |       |       |    11 |     4 |     3 |     5 ||    23
 Stab: Sleeping          |     5 |     6 |     1 |     1 |    15 |     3 ||    31
       Distracted        |       |       |       |     2 |     1 |       ||     3
  Eat: Chunk             |     4 |     9 |    11 |    20 |    65 |    40 ||   149
       Ration            |       |       |     2 |     2 |     6 |     1 ||    11
Armor: Robe              |    14 |    94 |   209 |   270 |   376 |   176 ||  1139
       Acid dragon scale |       |       |       |     2 |     1 |       ||     3
Dodge: Dodged            |    24 |   114 |   272 |   368 |   584 |   290 ||  1652
Block: Other             |       |       |    14 |    53 |    39 |    66 ||   172
       Reflection        |       |       |     1 |       |     7 |     8 ||    16
       Buckler           |       |       |       |       |    78 |       ||    78
